 Dungeon Crawl Stone Soup version 0.30.1-3-gfc49f6343a (webtiles) character file.

Game seed: 13935328006692455477

4464 jtron the Thaumaturge (level 10, -8/67 HPs)
             Began as a Mummy Necromancer on Aug 7, 2023.
             Was a Believer of Kikubaaqudgha.
             Mangled by an orc warrior
             ... wielding a +0 halberd
              (11 damage)
             ... on level 8 of the Dungeon.
             The game lasted 00:31:53 (8728 turns).

jtron the Thaumaturge (Mummy Necromancer)           Turns: 8728, Time: 00:31:54

Health: -8/67      AC:  6    Str: 11    XL:     10   Next: 15%
Magic:  31/34      EV: 12    Int: 20    God:    Kikubaaqudgha [**....]
Gold:   581        SH:  0    Dex: 12    Spells: 9/31 levels left

rFire   x . .        a - +1 trident (venom)
rCold   + . .        (no shield)
rNeg    + + +        x - +0 troll leather armour
rPois   ∞            (no helmet)
rElec   .            (no cloak)
rCorr   .            z - +0 pair of gloves
SInv    .            d - +0 pair of boots
Will    +....        (no amulet)
Stlth   ++           m - +4 ring of slaying
HPRegen 1.11/turn    n - ring of magical power
MPRegen 0.24/turn

%: faith
@: animating dead
A: cold resistance 1, negative energy resistance 3, torment resistance 2, heat
vulnerability 1, in touch with death 1, no potions, faith
a: Renounce Religion, Unearth Wretches


You were on level 8 of the Dungeon.
You worshipped Kikubaaqudgha.
Kikubaaqudgha was pleased with you.
You visited 1 branch of the dungeon, and saw 9 of its levels.

You collected 581 gold pieces.

Inventory:

Hand Weapons
 a - a +1 trident of venom (weapon)
 b - a +0 arbalest
 f - a +0 sling
 C - the +4 quarterstaff "Muer" {heavy, rElec}
   (You found it on level 7 of the Dungeon)

   rElec:     It insulates you from electricity.
 E - a +3 short sword of protection
Missiles
 e - 83 stones
 i - a throwing net
 k - 12 boomerangs (quivered)
 o - 16 poisoned darts
 s - 7 curare-tipped darts
Armour
 d - a +0 pair of boots (worn)
 h - a +0 robe
 x - a +0 troll leather armour (worn)
 z - a +0 pair of gloves (worn)
Magical Staves
 l - a staff of fire
Jewellery
 m - a +4 ring of slaying (left hand)
 n - a ring of magical power (right hand)
 p - a ring of willpower
 r - a ring of willpower
 u - a ring of resist corrosion
Wands
 q - a wand of flame (34)
 B - a wand of digging (5)
Scrolls
 c - 3 scrolls of vulnerability
 g - 4 scrolls of identify
 j - 2 scrolls of amnesia {unknown}
 t - a scroll of silence {unknown}
 v - a scroll of enchant weapon {unknown}
 w - a scroll of teleportation {unknown}
 y - a scroll of butterflies {unknown}
 A - a scroll of enchant armour {unknown}
 D - a scroll of fear


   Skills:
 + Level 2.2 Fighting
 - Level 2.6 Short Blades
 + Level 1.0 Throwing
 + Level 1.9 Armour
 + Level 3.3 Dodging
 + Level 2.9 Stealth
 + Level 11.4 Spellcasting
 + Level 10.0 Necromancy


You had 9 spell levels left.
You knew the following spells:

 Your Spells              Type           Power      Damage    Failure   Level
a - Necrotise             Necr           100%       1d9       1%          1
b - Vampiric Draining     Necr           67%        2d10      1%          3
c - Call Canine Familiar  Summ           11%        N/A       24%         3
d - Cigotuvi's Dreadful   Necr/Pois/Air  74%        N/A       3%          2
e - Animate Dead          Necr           67%        N/A       1%          4
f - Anguish               Hex/Necr       23%        N/A       10%         4
g - Agony                 Necr           67%        N/A       3%          5

Your spell library contained the following spells:

 Spells                   Type           Power      Damage    Failure   Level
 Kiss of Death            Conj/Necr      100%       2d13      1%          1
 Ensorcelled Hibernation  Hex/Ice        22%        N/A       12%         2
 Gell's Gravitas          Tloc           11%        N/A       24%         3
 Portal Projectile        Hex/Tloc       22%        N/A       24%         3
 Teleport Other           Tloc           11%        N/A       24%         3
 Leda's Liquefaction      Hex/Erth       5%         N/A       61%         4
 Dispersal                Tloc           5%         N/A       100%        6
 Spider Form              Tmut/Pois      Unusable   N/A       N/A         3

Dungeon Overview and Level Annotations

Branches:
Dungeon (9/15)             Temple (0/1) D:5
   Lair: D:8-11         Orc: D:9-12

Altars:
Ashenzari
Fedhas
Gozag
Hepliaklqana
Kikubaaqudgha
Nemelex Xobeh
Okawaru
Qazlal
Ru
Vehumet
Yredelemnul

Shops:
D:2 !   D:6 *

Annotations:
D:4 1 runed translucent door, monsoonserge's ghost, amateur MiFi


Innate Abilities, Weirdness & Mutations

You are immune to poison.
Your flesh is cold resistant. (rC+)
You are immune to negative energy. (rN+++)
You are immune to unholy pain and torment.
You are vulnerable to heat. (rF-)
You are in touch with the powers of death.
You do not drink.
You have a special connection with the divine. (Faith)


Message History

Confirm with . or Enter, or press ? or * to list all spells.
Aiming: Necrotise (safe; 1% risk of failure)
Press: ? - help, Shift-Dir - straight line, f - orc warrior
Aim: an orc warrior, wielding a +0 halberd and wearing a +0 chain mail (chance to affect: 83%)
You feel a surge of power!
Something writhes in agony.
You hear some strange, mumbled words.
You are confused.
The orc warrior hits you from afar with a +0 halberd!
You're too confused to cast spells.
You are too confused!
Unknown command.
Unknown command.
You're too confused to move!
Something hits you.
The orc warrior hits you from afar with a +0 halberd!
You miss something. Something hits you but does no damage.
The orc warrior hits you from afar with a +0 halberd!
You closely miss something. Something hits you.
The orc warrior completely misses you.
You closely miss something. Your punch misses something.
Something completely misses you.
The orc warrior hits you but does no damage.
You completely miss something.
You hear some strange, mumbled words.
A puff of flame appears from out of thin air!
The puff of flame misses you.
The orc warrior hits you from afar with a +0 halberd!
* * * LOW HITPOINT WARNING * * *
Something hits you.
* * * LOW HITPOINT WARNING * * *
The orc warrior hits you from afar with a +0 halberd!
* * * LOW HITPOINT WARNING * * *
You bump into the rock wall.
You feel less confused. Something hits you but does no damage.
The orc warrior hits you from afar with a +0 halberd!
* * * LOW HITPOINT WARNING * * *
You hit something. Something hits you but does no damage.
The orc warrior hits you from afar with a +0 halberd!
You die...
Kikubaaqudgha rasps: "You have failed me!
Welcome... oblivion!"

......#..[##.##..# #.....#
####.......).....#########
..##.####[.#.#.......[...#
.....#<......#...........#
.###########.#...........#
.### #####.............#
...# #......>#o#########
.#.# #.###.o##{# .#.# #.#
#..##@# ##.# #.###..##.#
##.# #......Z..# ##.#
#......##.# ##.#
#..######.# ##.# #..# #.#
##.#####Z.# #.#
).....ZZ..# ###
###########


You could see an orc warrior.

Vanquished Creatures
  Pikel (D:5)
  A troll (D:7)
  2 water moccasins
  3 ice beasts
  3 sky beasts
  An orc warrior (D:8)
  A black bear (D:6)
  2 ogres
  A centaur (D:6)
  3 phantoms
  2 kobold brigands
  2 bullfrogs (D:7)
  3 scorpions
  7 wights
  7 killer bees
  4 howler monkeys
  A jelly (D:4)
  3 hounds
  6 orc priests
  An iguana (D:5)
  6 orc wizards
  3 gnolls (D:3)
  6 adders
  2 white imps
  An ufetubus (D:6)
  3 worms
  A dart slug (D:1)
  35 orcs
  5 bats
  4 endoplasms
  6 giant cockroaches
  5 goblins
  5 hobgoblins
  A quokka (D:1)
  6 ball pythons
  14 kobolds
  7 rats
164 creatures vanquished.

Vanquished Creatures (collateral kills)
  A wyvern (D:8)
  2 bullfrogs
  2 killer bees (D:8)
  A hound (D:4)
  An orc wizard (D:6)
  A killer bee zombie (D:8)
  3 orcs
  A kobold (D:6)
  A rat (D:2)
13 creatures vanquished.

Vanquished Creatures (others)
  A howler monkey (D:7)
  A killer bee zombie (D:8)
  7 orc zombies (D:8)
  A kobold (D:7)
10 creatures vanquished.

Grand Total: 187 creatures vanquished

Notes
Turn   | Place    | Note
-------+----------+-------------------------------------------
     0 | D:1      | jtron the Mummy Necromancer began the quest for the Orb.
     0 | D:1      | Reached XP level 1. HP: 13/13 MP: 4/4
   291 | D:1      | Reached XP level 2. HP: 19/19 MP: 3/5
   671 | D:1      | Reached skill level 3 in Spellcasting
   784 | D:2      | Found Ybbuynehiph's Distillery.
   904 | D:2      | Gained mutation: You are in touch with the powers of death.
                  | [Mummy growth]
   904 | D:2      | Reached XP level 3. HP: 21/24 MP: 7/7
   908 | D:2      | Learned a level 3 spell: Vampiric Draining
  1765 | D:3      | Reached skill level 5 in Necromancy
  1765 | D:3      | Reached XP level 4. HP: 30/30 MP: 3/9
  1773 | D:3      | Reached skill level 4 in Spellcasting
  1914 | D:3      | Reached skill level 1 in Short Blades
  2286 | D:4      | Noticed a scorpion
  2298 | D:4      | Found a runed translucent door.
  2298 | D:4      | Noticed monsoonserge's ghost (amateur MiFi)
  2399 | D:4      | Killed a scorpion
  2400 | D:4      | Reached XP level 5. HP: 33/35 MP: 7/12
  2503 | D:4      | Reached skill level 5 in Spellcasting
  2580 | D:4      | Reached XP level 6. HP: 35/41 MP: 0/14
  2733 | D:4      | Learned a level 3 spell: Call Canine Familiar
  3249 | D:4      | Found a sparkling altar of Nemelex Xobeh.
  3321 | D:4      | Reached skill level 6 in Spellcasting
  3412 | D:4      | Reached XP level 7. HP: 21/46 MP: 6/16
  3611 | D:5      | Entered Level 5 of the Dungeon
  3611 | D:5      | Found an iron altar of Okawaru.
  3655 | D:5      | Found a stormy altar of Qazlal.
  3657 | D:5      | Found a blossoming altar of Fedhas.
  3705 | D:5      | Found a sacrificial altar of Ru.
  3850 | D:5      | Found a hazy altar of Hepliaklqana.
  3858 | D:5      | Found a basalt altar of Yredelemnul.
  3865 | D:5      | Found an ancient bone altar of Kikubaaqudgha.
  3875 | D:5      | Noticed Pikel
  3884 | D:5      | Killed Pikel
  3885 | D:5      | Reached skill level 1 in Fighting
  3885 | D:5      | Reached skill level 7 in Spellcasting
  3885 | D:5      | Reached XP level 8. HP: 33/54 MP: 4/19
  3888 | D:5      | Found a broken altar of Ashenzari.
  3892 | D:5      | Became a worshipper of Kikubaaqudgha
  4399 | D:5      | Found a staircase to the Ecumenical Temple.
  4501 | D:5      | Reached skill level 8 in Spellcasting
  4788 | D:6      | Found an opulent altar of Gozag.
  5016 | D:6      | Found Noint's Assorted Antiques.
  5148 | D:6      | Reached * piety under Kikubaaqudgha
  5148 | D:6      | Received a gift from Kikubaaqudgha
  5149 | D:6      | Reached skill level 9 in Spellcasting
  5152 | D:6      | Learned a level 2 spell: Cigotuvi's Dreadful Rot
  5157 | D:6      | Learned a level 4 spell: Animate Dead
  5163 | D:6      | Learned a level 5 spell: Agony
  5207 | D:6      | Found a radiant altar of Vehumet.
  6126 | D:7      | Reached XP level 9. HP: 56/59 MP: 22/22
  6340 | D:7      | Reached skill level 10 in Spellcasting
  6603 | D:7      | Noticed a troll
  6612 | D:7      | Killed a troll
  7170 | D:7      | Reached skill level 11 in Spellcasting
  7515 | D:7      | Identified the +4 quarterstaff "Muer" {heavy, rElec}
  7799 | D:8      | Reached skill level 1 in Armour
  7853 | D:8      | Identified the +2 ring mail "Kumeul" {rC+++ rCorr Int-5
                  | Stlth-}
  8102 | D:8      | Reached XP level 10. HP: 63/67 MP: 25/25
  8231 | D:8      | Reached ** piety under Kikubaaqudgha
  8239 | D:8      | Learned a level 4 spell: Anguish
  8287 | D:8      | Reached skill level 10 in Necromancy
  8491 | D:8      | Reached skill level 1 in Throwing
  8727 | D:8      | HP: 1/67 [orc warrior/+0 halberd (8)]
  8728 | D:8      | Mangled by an orc warrior

Illustrated notes

Levels and vault maps discovered:
D:1:      minmay_arrival_four_circles, layout_basic
D:2:      layout_rooms, serial_shops, shop, lightli_corner_chamber
D:3:      layout_loops_ring
D:4:      layout_loops_ring, nemelex_spade_bored_becter,
          hellmonk_ghost_happy_afterlife, sigmund_army
D:5:      layout_loops_ring, grunt_temple_overflow_forces_of_nature,
          okawaru_trees_1, marbit_many_paths,
          nicolae_overflow_hallway_of_the_gods, minmay_temple_entry_overgrown,
          uniq_pikel
D:6:      layout_loops_corners, nicolae_overflow_hidden_temple,
          mainiacjoe_overflow_24_doors, serial_shops, nicolae_shop_statue_plus
D:7:      minmay_recursive_quarters, layout_basic,
          mainiacjoe_overflow_concentric_impassable, bh_walls_and_bars
D:8:      layout_basic, grunt_ministairs_13
D:9:      layout_cave_pools, mainiacjoe_overflow_chevrons,
          minmay_lair_entry_grove

Skill      XL: |  1  2  3  4  5  6  7  8  9 10 |
---------------+-------------------------------+-----
Spellcasting   | 3 4 5 6 7 9 11 | 11.4
Necromancy     | 5 6 7 8 9 10 | 10.0
Short Blades   | 1 2 |  2.6
Dodging        | 2 3 |  3.3
Stealth        | 2 |  2.9
Fighting       | 1 2 |  2.2
Armour         | 1 |  1.9
Throwing       | 1 |  1.0

Action                     |  1- 3 |  4- 6 |  7- 9 | 10-12 || total
---------------------------+-------+-------+-------+-------++-------
  Melee: Short sword       |    14 |    25 |   140 |    70 ||   249
         Trident           |       |       |       |     5 ||     5
         Punch             |       |       |       |     2 ||     2
  Throw: Stone             |     2 |     3 |       |       ||     5
         Boomerang         |       |       |     9 |     2 ||    11
         Dart              |       |       |     6 |       ||     6
   Cast: Necrotise         |    65 |    64 |   143 |    11 ||   283
         Vampiric Draining |       |     3 |    25 |     4 ||    32
         Animate Dead      |       |       |     5 |     7 ||    12
         Call Canine Famil |       |       |     3 |       ||     3
         Agony             |       |       |     1 |       ||     1
         Cigotuvi's Dreadf |       |       |     1 |       ||     1
 Invoke: Unearth Wretches  |       |       |     2 |       ||     2
    Use: Scroll            |       |     6 |     6 |       ||    12
   Stab: Sleeping          |     1 |       |     2 |       ||     3
         Paralysed         |       |       |     2 |       ||     2
         Distracted        |       |       |     1 |       ||     1
 Armour: Robe              |     2 |     3 |    38 |       ||    43
         Troll leather arm |       |       |    51 |    30 ||    81
  Dodge: Dodged            |     6 |    36 |   191 |    49 ||   282
